cohdb
Replays
Latest Replays
All Replays
Popular Replays
Top Player Replays
Match Explorer
How It Works
Community
CoH3 Stats
Reddit
Sign in to upload your games and track your stats! →
Sign in with Steam
Match 39816985
Unlisted
Match 39816985
Overview
Messages
Build Orders
End
Construct Section Command Post
Selects Canadian Shock Battlegroup
Infantry Section
ML 3-inch Mortar Team
Dingo Light Scout Car
Infantry Section
Construct Field Infirmary
Selects Attacking Spirit
Selects Canadian Shock Section
Canadian Shock Section
Canadian Shock Section
Selects Incendiary Munitions
Construct Platoon Command Post
6-pounder Anti-tank Gun Team
Selects Pyrotechnics
Construct Company Command Post
Unlock M3 Grant Medium Tanks
Infantry Training
Selects Churchill Crocodile Heavy Tank
Selects Churchill Crocodile Heavy Tank
Churchill Crocodile Heavy Tank
Armored Vehicle Training
Selects Smoke Operation
Grenade Package
Royal Engineer Section
Spriggan
fleXor
BooralKing
후암후암
Enigmas
海绵宝宝伯约
Katana
koowa
0
0
Comments
sign in to comment!
No comments posted yet!